 Dungeon Crawl Stone Soup version 0.27.1-1-g398f81649c (webtiles) character file.

Game seed: 7371390616209642461

214 jjspeeddemon the Skirmisher (level 5, 0/35 HPs)
             Began as a Gargoyle Artificer on Sept 15, 2021.
             Slain by Sigmund (11 damage)
             ... on level 3 of the Dungeon.
             The game lasted 00:43:23 (4799 turns).

jjspeeddemon the Skirmisher (Gargoyle Artificer)    Turns: 4799, Time: 00:43:24

Health: 0/35       AC: 11    Str: 16    XL:     5   Next: 91%
Magic:  5/5        EV: 10    Int: 12    God:
Gold:   110        SH:  0    Dex: 10    Spells: 1/4 levels left

rFire    . . .     SeeInvis .   a - +2 mace (vorpal)
rCold    . . .     Faith    .   (no shield)
rNeg     + . .     Spirit   .   o - +0 ring mail
rPois    ∞         Reflect  .   d - +0 helmet
rElec    +         Harm     .   n - +0 cloak
rCorr    .         Rampage  .   (no gloves)
Will     .....                  (no boots)
Stlth    +.........             q - amulet of magic regeneration
HPRegen  0.11/turn              l - ring of flight
MPRegen  0.34/turn              (no ring)

@: flying
A: sickness immunity, AC +4, negative energy resistance 1, electricity
resistance, torment resistance 1, petrification resistance
a: no special abilities


You were on level 3 of the Dungeon.
You visited 1 branch of the dungeon, and saw 3 of its levels.

You collected 110 gold pieces.

Inventory:

Hand Weapons
 a - a +2 vorpal mace (weapon)
 j - a +0 hand crossbow
 m - a +1 whip
 r - a +4 quarterstaff of chaos
Missiles
 g - 55 sling bullets
Armour
 b - a +0 leather armour
 d - a +0 helmet (worn)
 n - a +0 cloak (worn)
 o - a +0 ring mail (worn)
 p - a +0 scale mail
 s - a +0 robe
Magical Staves
 t - a staff of death
Jewellery
 h - an amulet of faith
 l - a ring of flight (left hand)
 q - an amulet of magic regeneration (around neck)
Wands
 c - a wand of flame (7) (quivered)
Potions
 f - a potion of heal wounds {unknown}
 i - a potion of mutation {unknown}
Miscellaneous
 e - a piece from Xom's chessboard (15/15)


   Skills:
 * Level 5.1 Fighting
 * Level 2.1 Maces & Flails
 + Level 3.0 Armour
 + Level 0.8 Dodging
 - Level 1.1 Stealth
 - Level 2.6 Evocations


You had one spell level left.
You knew the following spells:

 Your Spells              Type           Power      Damage    Failure   Level
a - Ozocubu's Armour      Ice            0%         N/A       88%         3

Your spell library contained the following spells:

 Spells                   Type           Power      Damage    Failure   Level
 Static Discharge         Conj/Air       0%         N/A       67%         2
 Lightning Bolt           Conj/Air       0%         1d11      100%        5
 Ozocubu's Refrigeration  Ice            0%         4d5       100%        7
 Maxwell's Capacitive Co  Air            0%         ∞         100%        8


Dungeon Overview and Level Annotations

Branches:
Dungeon (3/15)

Altars:
Fedhas

Annotations:
D:3 Sigmund


Innate Abilities, Weirdness & Mutations

You are immune to sickness and miasma.
Your stone body is resilient. (AC +4)
You are immune to poison.
You resist negative energy. (rN+)
You are resistant to electric shocks. (rElec)
You are resistant to unholy torment.
You are immune to petrification.


Message History

Something hits you but does no damage.
Aiming: Throw Flame
Press: ? - help, Q - select action, (/) - cycle Shift-Dir - straight line
Aiming: Throw Flame
Press: ? - help, Q - select action, (/) - cycle Shift-Dir - straight line You hear some strange, mumbled words.
A puff of flame appears from out of thin air!
The puff of flame hits you!
Aiming: Throw Flame
Press: ? - help, Q - select action, (/) - cycle Shift-Dir - straight line Something hits you but does no damage.
Something hits you but does no damage.
You miss something. Something hits you but does no damage.
You barely miss something. You closely miss something.
Something hits you but does no damage.
You miss something. Something hits you but does no damage.
You hit something but do no damage. Something hits you but does no damage.
You closely miss something. Something hits you.
Your ring mail prevents you from hitting something.
Something hits you but does no damage.
You hit something.
You hear some strange, mumbled words.
A puff of flame appears from out of thin air!
The puff of flame misses you.
You barely miss something.
You hear some strange, mumbled words.
A magic dart appears from out of thin air!
The magic dart hits you.
You barely miss something. Something hits you!
You barely miss something. Something hits you.
You closely miss something. Something hits you.
* * * LOW HITPOINT WARNING * * *
Aiming: Throw Flame
Press: ? - help, Q - select action, (/) - cycle Shift-Dir - straight line The puff of flame hits something.
Aiming: Throw Flame
Press: ? - help, Q - select action, (/) - cycle Shift-Dir - straight line The puff of flame hits something.
Something hits you!
You die...

#### ...### .....# ##.#.#
#.#.# ##.#(# ##########
#....####### #........## ###
...........# #.#@....... ..#
#....#####.# #.#{####.####.#
##.#.# #.# #.#.##.....##.#
##.#.#####.###.#.##^#.#.##.##
....)..........#.##.#.#.#...##
##.##.####.#####.............#
#.##.# #.. ..<.#.....#....#
##.##.## #.# #...........#.#
#......###.# #####...#####.#


There were no monsters in sight!

Vanquished Creatures
  An iguana (D:2)
  Crazy Yiuf (D:3)
  A scorpion zombie (D:2)
  Robin (D:3)
  3 gnolls (D:3)
  An adder (D:2)
  A worm (D:2)
  2 dart slugs
  3 orcs (D:3)
  2 ball pythons (D:3)
  An endoplasm (D:1)
  A giant cockroach (D:2)
  11 goblins
  15 hobgoblins
  8 kobolds
  4 quokkas
  6 bats
  3 frilled lizards
  A jackal zombie (D:2)
  A quokka skeleton (D:2)
  3 quokka zombies (D:2)
  7 rats
77 creatures vanquished.

Vanquished Creatures (collateral kills)
  2 orcs (D:3)
2 creatures vanquished.

Vanquished Creatures (others)
  3 fungi (D:3)
3 creatures vanquished.

Grand Total: 82 creatures vanquished

Notes
Turn   | Place    | Note
-------+----------+-------------------------------------------
     0 | D:1      | jjspeeddemon the Gargoyle Artificer began the quest for the
                  | Orb.
     0 | D:1      | Reached XP level 1. HP: 12/12 MP: 1/1
   143 | D:1      | Reached skill level 2 in Fighting
   162 | D:1      | Reached XP level 2. HP: 8/17 MP: 2/2
   429 | D:1      | penis
   706 | D:1      | Reached skill level 3 in Fighting
   785 | D:1      | Reached XP level 3. HP: 10/23 MP: 3/3
  1235 | D:1      | Found a faded altar of an unknown god.
  1901 | D:2      | Reached skill level 4 in Fighting
  1901 | D:2      | Reached XP level 4. HP: 29/29 MP: 4/4
  2216 | D:2      | Reached skill level 1 in Maces & Flails
  2801 | D:2      | Reached XP level 5. HP: 26/34 MP: 5/5
  3300 | D:3      | Noticed Sigmund
  4179 | D:3      | Found a runed translucent door.
  4180 | D:3      | Noticed Crazy Yiuf
  4189 | D:3      | Killed Crazy Yiuf
  4190 | D:3      | Reached skill level 5 in Fighting
  4197 | D:3      | Learned a level 3 spell: Ozocubu's Armour
  4340 | D:3      | Noticed Robin
  4355 | D:3      | Killed Robin
  4576 | D:3      | Found a blossoming altar of Fedhas.
  4799 | D:3      | Slain by Sigmund

Illustrated notes

#.......>.#
#######.#######.#######
...........## #........
............###########
....####†....... ...
#....#### .. ####.....#
. ##.#!###..# #.######
#.#@## ..# #.......
#†#.# .# #.######
#.#.## .# #.######
..#### ..###.......
.... ............ #....
...##.#.###. ..... ..
#.#.# #. ...# ###.
#.#)# #. ... ....
#.#.###.


Turn 429 on D:1: penis

Levels and vault maps discovered:
D:1:      zelgadis_glass_arrival_small, layout_loops_ring,
          hellmonk_ecumenical_altar_prayer_group, minivault_24
D:2:      layout_basic, serial_undead, serial_undead_a, serial_undead_b,
          serial_undead_b, serial_undead_d
D:3:      layout_loops_ring, nicolae_overflow_hidden_temple,
          uniq_crazy_yiuf_cottage, uniq_sigmund, uniq_robin

Skill      XL: |  1  2  3  4  5 |
---------------+----------------+-----
Fighting       | 2 3 4 5 |  5.1
Maces & Flails | 1 2 |  2.1
Armour         | 3 |  3.0
Dodging        | |  0.8
Stealth        | |  1.1
Evocations     | |  2.6

Action                   |  1- 3 |  4- 6 || total
-------------------------+-------+-------++-------
Melee: Club              |   150 |     5 ||   155
       Whip              |       |   198 ||   198
       Mace              |       |    42 ||    42
Evoke: Wand              |     5 |    15 ||    20
       Piece from Xom's  |       |     2 ||     2
  Use: Scroll            |       |     3 ||     3
 Stab: Sleeping          |     1 |       ||     1
Armor: Leather armour    |    76 |       ||    76
       Ring mail         |       |   119 ||   119
Dodge: Dodged            |   101 |    91 ||   192
